 Dungeon Crawl Stone Soup version 0.20.1-1-g8b1a95d (webtiles) character file.

50 Lafeu the Grasshopper (level 3, -1/32 HPs)
             Began as a Naga Warper on Oct 25, 2017.
             Slain by an adder (4 damage)
             ... on level 2 of the Dungeon.
             The game lasted 00:19:02 (1500 turns).

Lafeu the Grasshopper (Naga Warper)                 Turns: 1500, Time: 00:19:03

Health: -1/32      AC:  3    Str: 14    XL:     3   Next: 79%
Magic:  6/6        EV:  9    Int: 13    God:
Gold:   76         SH:  0    Dex: 10    Spells: 6/6 levels left

rFire    . . .     SeeInvis +   a - +0 mace
rCold    . . .     Gourm    .   (no shield)
rNeg     . . .     Faith    .   b - +1 leather armour
rPois    +         Spirit   .   (no helmet)
rElec    .         Reflect  .   (no cloak)
rCorr    .         Harm     .   (no gloves)
MR       .....                  (no barding)
Stlth    +.........             (no amulet)
Regen    0.1/turn               (no ring)
MPRegen  0.1/turn               (no ring)

@: lethally poisoned (-1 -> -6), very slow
A: see invisible, deformed body, poison resistance, slowness 2, slow metabolism
1, spit poison 1, AC +1
a: Spit Poison


You were on level 2 of the Dungeon.
You were not hungry.

You visited 1 branch of the dungeon, and saw 2 of its levels.

You collected 76 gold pieces.

Inventory:

Hand Weapons
 a - a +0 mace (weapon)
 h - a cursed -2 quarterstaff
 p - a +0 hunting sling
Missiles
 e - 5 tomahawks of dispersal (quivered)
Armour
 b - a +1 leather armour (worn)
Scrolls
 d - 2 scrolls of blinking
 k - 2 scrolls of teleportation
 l - 2 scrolls of remove curse
Potions
 g - a potion of haste {unknown}
 j - 2 potions of curing {unknown}
 n - a potion of might
Books
 c - a book of Spatial Translocations

   Spells                             Type                      Level
   a - Blink                          Translocation                2
   b - Shroud of Golubria             Charms/Translocation         2
   c - Lesser Beckoning               Translocation                3
   d - Gell's Gravitas                Translocation                3
   e - Teleport Other                 Translocation                3
   f - Passage of Golubria            Translocation                4
Comestibles
 f - 2 bread rations
 i - a meat ration


   Skills:
 + Level 2.1 Fighting
 + Level 2.4 Maces & Flails
 + Level 1.0 Throwing
 + Level 1.3 Armour
 + Level 2.2 Dodging
 + Level 2.3 Spellcasting
   Level 3.0 Translocations


You had 6 spell levels left.
You didn't know any spells.

Dungeon Overview and Level Annotations

Branches:
Dungeon (2/15)

Altars:


Innate Abilities, Weirdness & Mutations

You cannot wear boots.
Your serpentine skin is tough. (AC +1)
You have supernaturally acute eyesight. (SInv)
Armour fits poorly on your strangely shaped body.
Your system is resistant to poisons. (rPois)
You cover ground very slowly.
You have a slow metabolism.
You can spit poison.


Message History

The adder is moderately wounded.
You feel sick. The adder bites you. The adder barely misses you.
You hit the adder but do no damage.
The adder is moderately wounded.
The adder bites you.
* * * LOW HITPOINT WARNING * * *
You closely miss the adder.
The adder is moderately wounded.
* * * LOW HITPOINT WARNING * * *
You feel sick. The adder barely misses you. The adder closely misses you.
You hit the adder but do no damage.
The adder is moderately wounded.
* * * LOW HITPOINT WARNING * * *
You feel sick. The adder bites you.
* * * LOW HITPOINT WARNING * * *
The adder bites you but does no damage.
You hit the adder but do no damage.
The adder is moderately wounded.
The adder bites you.
You die...

#....................####.
########.##########...........##.
.....................###....#.##.
########.#######.##### #....#.##.
.............#.......# #....#.##.
########.<.#.#.#(....# ######.##.
.....# #........# # #....
.....###.#......###..## ####.
................@S....# ##.
.....###..<.....##....# #..
.....#####......#. ..... #..
.................. ..## #####..
...........##...... ## #......
................... #......
.....#..8..###.... #......
.............#.##.# ##########.##
##...........# # #......# #.#


You could see an adder.

Vanquished Creatures
  4 dart slugs
  A leopard gecko (D:1)
  2 bats (D:1)
  A bat skeleton (D:2)
  4 giant cockroaches
  2 goblins (D:2)
  8 hobgoblins
  3 jackals (D:2)
  A quokka (D:2)
  3 frilled lizards (D:1)
  4 kobolds
  A leopard gecko zombie (D:2)
  2 rats
36 creatures vanquished.

Notes
Turn   | Place    | Note
-------+----------+-------------------------------------------
     0 | D:1      | Lafeu the Naga Warper began the quest for the Orb.
     0 | D:1      | Reached XP level 1. HP: 19/19 MP: 3/3
   125 | D:1      | Reached XP level 2. HP: 16/26 MP: 5/5
   461 | D:1      | Reached skill level 1 in Armour
   870 | D:1      | Reached XP level 3. HP: 27/32 MP: 6/6
  1386 | D:2      | Reached skill level 1 in Throwing
  1500 | D:2      | Slain by an adder

Skill      XL: |  1  2  3 |
---------------+----------+-----
Armour         | 1 |  1.3
Dodging        | 2 |  2.2
Throwing       | 1 |  1.0
Fighting       | |  2.1
Maces & Flails | |  2.4
Spellcasting   | |  2.3
Translocations | |  3.0

Action                   || total
-------------------------++-------
Melee: Mace              ||   106
 Abil: Spit Poison       ||     6
  Use: Scroll            ||     5
  Eat: Chunk             ||     1
Armor: Leather armour    ||    78
Dodge: Dodged            ||   128
